 Dungeon Crawl Stone Soup version 0.22-a0-322-g60b3cfd (webtiles) character file.

11584 4thArraOfDagon the Reanimator (level 11, -13/66 HPs)
             Began as a Demigod Necromancer on Apr 3, 2018.
             Killed from afar by Harold (32 damage)
             ... with a bolt of fire
             ... on level 11 of the Dungeon.
             The game lasted 00:31:11 (5748 turns).

4thArraOfDagon the Reanimator (Demigod Necromancer) Turns: 5748, Time: 00:31:12

Health: -13/66     AC:  9    Str: 11    XL:     11   Next: 27%
Magic:  19/24      EV: 11    Int: 25    God:
Gold:   289        SH:  0    Dex: 16    Spells: 6/22 levels left

rFire    . . .     SeeInvis .   B - +9 staff of Olgreb {rPois}
rCold    + . .     Gourm    .   (no shield)
rNeg     . . .     Faith    .   w - +0 ring mail
rPois    ∞         Spirit   .   (helmet restricted)
rElec    .         Reflect  .   (no cloak)
rCorr    .         Harm     .   (no gloves)
MR       +....                  k - +1 pair of boots
Stlth    +.........             (no amulet)
HPRegen  1.21/turn              s - ring of protection from cold
MPRegen  0.19/turn              (no ring)

@: regenerating (expiring)
A: horns 1, molten scales 1, frail 1, high mp 1, screaming 1
a: no special abilities


You were on level 11 of the Dungeon.
You were not hungry.

You visited 1 branch of the dungeon, and saw 11 of its levels.

You collected 289 gold pieces.

Inventory:

Hand Weapons
 b - a +0 mace
 e - a +0 long sword
 l - a +2 short sword of freezing
 m - a +0 dire flail of protection
 B - the +9 staff of Olgreb (weapon) {rPois}
   (You found it on level 8 of the Dungeon)

   It protects you from poison.
Missiles
 f - a throwing net (quivered)
Armour
 a - a +0 robe
 k - a +1 pair of boots (worn)
 v - a +0 helmet
 w - a +0 ring mail (worn)
Jewellery
 s - a ring of protection from cold (left hand)
Wands
 n - a wand of random effects (21)
 p - a wand of iceblast (12)
 r - a wand of flame (24)
 y - a wand of enslavement (10)
 A - a wand of polymorph (9)
Scrolls
 d - a scroll of amnesia {unknown}
 g - 2 scrolls of teleportation
 j - 5 scrolls of remove curse
 x - a scroll of silence {unknown}
 C - 2 scrolls of vulnerability {unknown}
 E - 2 scrolls of fog {unknown}
Potions
 h - a potion of cancellation {unknown}
 i - a potion of might
 o - 2 potions of berserk rage
 u - 3 potions of curing {unknown}
 z - a potion of magic {unknown}
 G - a potion of brilliance {unknown}
Miscellaneous
 q - a lightning rod (4/4)
Comestibles
 c - 13 rations


   Skills:
 - Level 1.7 Dodging
 - Level 1.7 Stealth
 + Level 6.4 Spellcasting
 - Level 2.3 Conjurations
 - Level 11.3 Necromancy
 - Level 2.3 Air Magic
 - Level 2.3 Poison Magic
 - Level 10.0 Evocations


You had 6 spell levels left.
You knew the following spells:

 Your Spells              Type           Power        Failure   Level  Hunger
a - Pain                  Necr           ####         1%          1    None
b - Vampiric Draining     Necr           ######....   1%          3    None
c - Regeneration          Chrm/Necr      #####.....   4%          3    None
d - Animate Dead          Necr           N/A          1%          4    ###....
e - Sublimation of Blood  Necr           ######....   1%          2    None
f - Mephitic Cloud        Conj/Pois/Air  ####....     21%         3    None


Dungeon Overview and Level Annotations

Branches:
Dungeon (11/15)              Lair (0/6) D:9             Orc (0/2) D:11
 Temple: D:4-7

Shops:
D:8 %

Annotations:
D:4 Blork the orc, Eustachio
D:8 1 runed door
D:10 Josephine
D:11 Harold


Innate Abilities, Weirdness & Mutations

You have an increased reservoir of magic. (+10% MP)
You have a pair of small horns on your head.
You are partially covered in molten scales. (AC +2)
You are frail. (-10% HP)
You occasionally shout uncontrollably at your foes.


Message History

Unknown command.
You swap places.
You see here a large rock.
Unknown command.
Unknown command.
What are your orders? t - Shout!
Orders for allies: a - Attack new target. r - Retreat! s - Stop attacking. g - Guard the area. f - Follow me.
Anything else - Cancel.
Gang up on whom?
Press: ? - help, Dir - move target cursor, f - Harold
Aim: Harold, wielding a scimitar and wearing a glowing ring mail Attack!
Harold gestures at you while chanting.
The bolt of fire hits your killer bee zombie. x2
Your killer bee zombie is destroyed!
The bolt of fire hits you!
You die...

............$..........>..
..[.......................
......?...................
...<......................
.........@................
..........ZZZ>............
###########...############
≈≈≈≈≈≈#.ZZ#≈≈≈≈≈≈≈≈≈≈≈
≈≈≈≈≈≈#Z@Z#≈≈≈≈≈≈≈≈≈≈≈
≈≈≈≈≈≈#...#≈≈≈≈≈≈≈≈≈≈≈
≈≈≈≈≈≈#...#≈≈≈≈≈≈≈≈≈≈≈
≈≈≈≈≈≈#...#≈≈≈≈≈≈≈≈≈≈
≈≈≈≈≈≈#...#≈≈≈≈≈≈≈≈≈
≈≈≈≈≈≈#...#≈≈≈≈≈≈
≈≈≈≈≈≈#...#≈≈≈≈≈≈
≈≈≈≈≈≈#...#≈≈≈≈≈≈
≈≈≈≈≈≈#...#≈≈≈≈≈≈


You could see Harold, 4 friendly yak zombies, a friendly hippogriff zombie, a
friendly killer bee zombie and a friendly cyclops zombie.

Vanquished Creatures
  A centaur warrior (D:10)
  4 two-headed ogres
  An unseen horror (D:10)
  A cyclops (D:11)
  Psyche (D:7)
  A meliai (D:10)
  3 hippogriffs
  A wraith (D:9)
  5 yaks (D:11)
  Edmund (D:4)
  2 water moccasins
  5 soldier ants
  A black bear (D:9)
  A hornet zombie (D:9)
  2 ice beasts
  3 sky beasts
  2 phantoms
  A necrophage (D:7)
  3 ogres
  3 centaurs
  A crocodile (D:8)
  3 bullfrogs (D:6)
  A water moccasin skeleton (D:5)
  3 scorpions
  16 killer bees
  2 wights
  2 howler monkeys (D:9)
  7 crimson imps
  2 centaur zombies
  A jelly (D:9)
  A bullfrog skeleton (D:5)
  5 hounds
  8 orc priests
  7 orc wizards
  An iguana (D:7)
  4 worker ants
  Natasha (D:2)
  2 hound skeletons
  A howler monkey zombie (D:9)
  15 adders
  A shadow imp (D:9)
  An ooze (D:6)
  An adder skeleton (D:6)
  A worm (D:4)
  3 dart slugs
  3 leopard geckos
  23 orcs
  2 ball pythons
  6 bats
  3 giant cockroaches
  4 goblins
  3 hobgoblins
  10 jackals
  2 kobolds (D:2)
  2 quokkas
  6 frilled lizards
  3 rats
199 creatures vanquished.

Vanquished Creatures (collateral kills)
  A manticore (D:11)
  2 soldier ants (D:8)
  A centaur (D:9)
  A killer bee (D:8)
  A wight (D:8)
  A howler monkey (D:9)
  A bullfrog zombie (D:9)
  A hound (D:11)
  A worker ant (D:8)
  A worker ant zombie (D:11)
  An orc (D:8)
12 creatures vanquished.

Vanquished Creatures (others)
  A water moccasin (D:8)
  A hungry ghost (D:9)
  A soldier ant (D:8)
3 creatures vanquished.

Grand Total: 214 creatures vanquished

Notes
Turn   | Place    | Note
-------+----------+-------------------------------------------
     0 | D:1      | 4thArraOfDagon the Demigod Necromancer began the quest for the Orb.
     0 | D:1      | Reached XP level 1. HP: 14/14 MP: 5/5
   167 | D:1      | Reached XP level 2. HP: 15/20 MP: 0/7
   187 | D:1      | Reached skill level 4 in Necromancy
   220 | D:2      | Noticed Natasha
   470 | D:2      | Reached XP level 3. HP: 5/26 MP: 2/9
   485 | D:3      | Learned a level 3 spell: Vampiric Draining
   486 | D:3      | Found a bloodstained altar of Trog.
   721 | D:3      | Noticed a phantom
   946 | D:2      | Killed Natasha
   946 | D:2      | Reached XP level 4. HP: 25/33 MP: 6/10
  1101 | D:4      | Reached skill level 5 in Necromancy
  1122 | D:4      | Learned a level 3 spell: Regeneration
  1279 | D:4      | Reached XP level 5. HP: 18/38 MP: 8/12
  1360 | D:4      | Noticed Eustachio
  1360 | D:4      | Noticed an orc warrior
  1376 | D:5      | Entered Level 5 of the Dungeon
  1431 | D:5      | Reached skill level 6 in Necromancy
  1507 | D:5      | Reached XP level 6. HP: 45/45 MP: 10/13
  1543 | D:4      | Noticed Edmund
  1591 | D:4      | Noticed Blork the orc
  1681 | D:4      | Killed Edmund
  1681 | D:4      | Reached skill level 7 in Necromancy
  1828 | D:5      | Learned a level 4 spell: Animate Dead
  1941 | D:6      | Reached XP level 7. HP: 28/50 MP: 7/14
  2008 | D:6      | Reached skill level 8 in Necromancy
  2190 | D:5      | Reached skill level 9 in Necromancy
  2362 | D:6      | Reached XP level 8. HP: 20/57 MP: 13/15
  2511 | D:6      | Learned a level 2 spell: Sublimation of Blood
  2784 | D:7      | Reached skill level 10 in Necromancy
  3201 | D:8      | Found Ilufaon's Food Boutique.
  3201 | D:8      | Noticed Psyche
  3201 | D:8      | Noticed a two-headed ogre
  3215 | D:7      | Killed Psyche
  3247 | D:6      | Reached XP level 9. HP: 14/62 MP: 0/19
  3408 | D:7      | https://www.youtube.com/watch?v=w58aFuUI2C8
  3437 | D:8      | Found a runed gate.
  3437 | D:8      | Found a runed gate.
  3437 | D:8      | Found a runed gate.
  3456 | D:8      | Found a runed door.
  3483 | D:8      | Learned a level 3 spell: Mephitic Cloud
  3575 | D:8      | Sergey: hey
  3586 | D:8      | 4thArraOfDagon: hey
  3587 | D:8      | Noticed a two-headed ogre
  3595 | D:8      | Killed a two-headed ogre
  3706 | D:8      | Reached skill level 5 in Spellcasting
  3754 | D:8      | Reached skill level 11 in Necromancy
  3877 | D:10     | Entered Level 10 of the Dungeon
  3964 | D:8      | Found a runed door.
  3972 | D:8      | Found the +9 staff of Olgreb {rPois}
  4212 | D:8      | Reached skill level 1 in Evocations
  4311 | D:8      | Reached XP level 10. HP: 32/69 MP: 6/21
  4509 | D:9      | 4thArraOfDagon: ??olgreb
  4509 | D:9      | beem: staff of olgreb[1/2]: Evoking it uses 4mp and 50 hunger to cast toxic radiance, *and* an evoc+1 in 20 chance of venom bolt. Succeeds evoc+1 in 6 times. Confers poison immunity and enhances poison magic. Poisons in melee.
  4509 | D:9      | 4thArraOfDagon: ??olgreb[2
  4509 | D:9      | beem: olgreb's toxic radiance[1/3]: L4 Poison spell. Poisons creatures in LOS multiple times over several turns. Casting it multiple times in a row will increase the duration!
  4536 | D:9      | Found a staircase to the Lair.
  4543 | D:9      | Noticed a two-headed ogre
  4575 | D:9      | Killed a two-headed ogre
  4575 | D:9      | Reached skill level 5 in Evocations
  4651 | D:9      | Noticed a two-headed ogre
  4657 | D:9      | Killed a two-headed ogre
  4757 | D:9      | Noticed a two-headed ogre
  4770 | D:9      | Killed a two-headed ogre
  5294 | D:10     | Noticed a centaur warrior
  5302 | D:10     | Killed a centaur warrior
  5381 | D:10     | Noticed a stone giant
  5460 | D:10     | Gained mutation: You are partially covered in molten scales. (AC +2) [potion of mutation]
  5460 | D:10     | Gained mutation: You occasionally shout uncontrollably at your foes. [potion of mutation]
  5460 | D:10     | Gained mutation: You are frail. (-10% HP) [potion of mutation]
  5460 | D:10     | Gained mutation: You have a pair of small horns on your head. [potion of mutation]
  5515 | D:10     | Noticed Josephine
  5544 | D:10     | Killed an unseen horror
  5544 | D:10     | Reached XP level 11. HP: 15/66 MP: 4/23
  5613 | D:11     | Noticed Harold
  5618 | D:11     | Found a staircase to the Orcish Mines.
  5654 | D:11     | Reached skill level 10 in Evocations
  5748 | D:11     | Killed from afar by Harold

Vault maps used:
D:1:      nzn_arrival_depleted_hourglass, minmay_misc_feat_chi
D:2:      uniq_natasha, uniq_jessica
D:3:      lemuel_crystal_altar, first_ration, kennysheep_generic_room_14
D:4:      minmay_temple_entry_junction_2, minmay_ruptured, uniq_blork_the_orc,
          uniq_eustachio, uniq_edmund
D:7:      grunt_ogre_cave
D:8:      serial_shops, shop, hangedman_decor_riveting,
          minmay_guarded_unrand_staff_of_olgreb, uniq_psyche
D:9:      lair_entry_dummy, hangedman_decor_lopped
D:10:     minmay_evil_grid, uniq_josephine, uniq_erica, uniq_snorg
D:11:     uniq_gastronok, uniq_harold

Skill      XL: |  1  2  3  4  5  6  7  8  9 10 11 |
---------------+----------------------------------+-----
Spellcasting   | 2 3 4 5 6 |  6.4
Necromancy     | 4 5 6 7 9 10 11 | 11.3
Conjurations   | 2 |  2.3
Air Magic      | 2 |  2.3
Poison Magic   | 2 |  2.3
Evocations     | 3 9 10 | 10.0
Dodging        | |  1.7
Stealth        | |  1.7

Action                   |  1- 3 |  4- 6 |  7- 9 | 10-12 || total
-------------------------+-------+-------+-------+-------++-------
Melee: Unarmed           |     5 |       |       |       ||     5
       Long sword        |    17 |     3 |       |       ||    20
       Short sword       |       |   105 |   104 |       ||   209
       Dire flail        |       |     6 |   190 |       ||   196
       Staff             |       |       |       |    87 ||    87
Throw: Throwing net      |       |       |     1 |       ||     1
 Cast: Pain              |    44 |       |    16 |       ||    60
       Vampiric Draining |    10 |    24 |    84 |    19 ||   137
       Regeneration      |       |     4 |    19 |    23 ||    46
       Sublimation of Bl |       |       |    22 |    35 ||    57
       Mephitic Cloud    |       |       |     5 |       ||     5
       Animate Dead      |       |       |     1 |     5 ||     6
Evoke: Wand              |       |     1 |    16 |       ||    17
       Staff of Olgreb   |       |       |       |    42 ||    42
  Use: Potion            |     1 |     1 |     1 |     4 ||     7
       Scroll            |       |     1 |     2 |     5 ||     8
 Stab: Sleeping          |       |     3 |     4 |       ||     7
  Eat: Chunk             |     2 |     6 |    17 |     7 ||    32
       Ration            |       |       |       |     1 ||     1
Armor: Robe              |     7 |    29 |    44 |       ||    80
       Ring mail         |       |       |   147 |    64 ||   211
Dodge: Dodged            |    43 |   111 |   242 |    79 ||   475
       Rpst.: Long sword |    14 |     4 |       |       ||    18

Table legend:
 A = Spawn XP
 B = Non-spawn XP
 C = Spawn XP percentage of total XP
 D = Spawn monster count
 E = Non-spawn monster count
 F = Spawn count percentage of total count
 G = Total turns spent on level
                    A         B        C        D         E        F      G
               +---------+---------+-------+---------+---------+-------+---------
         Total |       0 |   16549 |   0.0 |       0 |     211 |   0.0 |  5748
               +---------+---------+-------+---------+---------+-------+---------
           D:1 |       0 |      17 |   0.0 |       0 |       8 |   0.0 |   221
           D:2 |       0 |      88 |   0.0 |       0 |      19 |   0.0 |   604
           D:3 |       0 |      38 |   0.0 |       0 |      13 |   0.0 |   214
           D:4 |       0 |     387 |   0.0 |       0 |      20 |   0.0 |   537
           D:5 |       0 |     640 |   0.0 |       0 |      18 |   0.0 |   520
           D:6 |       0 |     775 |   0.0 |       0 |      22 |   0.0 |   640
           D:7 |       0 |    1489 |   0.0 |       0 |      19 |   0.0 |   693
           D:8 |       0 |    2904 |   0.0 |       0 |      35 |   0.0 |   892
           D:9 |       0 |    4490 |   0.0 |       0 |      28 |   0.0 |   829
          D:10 |       0 |    2658 |   0.0 |       0 |      11 |   0.0 |   463
          D:11 |       0 |    3063 |   0.0 |       0 |      18 |   0.0 |   135
               +---------+---------+-------+---------+---------+-------+---------
